 Dungeon Crawl Stone Soup version 0.16-a0-787-g31dbbe7 (console) character file.

919 Kellhus the Ruinous (level 8, 40/41 HPs)
             Began as a Gargoyle Wizard on Sept 27, 2014.
             Was a Follower of Vehumet.
             Quit the game on Level 5 of the Dungeon.
             The game lasted 00:11:20 (5898 turns).

Kellhus the Ruinous (Gargoyle Wizard)               Turns: 5898, Time: 00:11:20

HP  40/41        AC  8     Str 11      XL: 8   Next:  9%
MP   8/21        EV 12     Int 21      God: Vehumet [*.....]
Gold 227         SH  0     Dex 11      Spells:  6 memorised,  7 levels left

rFire  + . .     SeeInvis .     a - +0 whip (venom)
rCold  . . .     Clarity  .     F - +0 robe
rNeg   + . .     rCorr    .     (no shield)
rPois  +         rRot     +     b - +0 hat
rElec  +         Spirit   .     (no cloak)
SustAb .         Warding  .     B - +0 pair of gloves
rMut   .         Stasis   .     (no boots)
Gourm  .                        (no amulet)
MR     .....                    i - ring of protection from fire
                                f - +3 ring of dexterity

@: repel missiles, not resistant to hostile enchantments, unstealthy
A: negative energy resistance 1, electricity resistance, unbreathing,
petrification resistance, rot immunity, AC +5
a: Renounce Religion


You were on level 5 of the Dungeon.
You worshipped Vehumet.
Vehumet was aware of your devotion.
You were not hungry.

You visited 1 branch of the dungeon, and saw 5 of its levels.
You also visited: Sewer.

You collected 227 gold pieces.

Inventory:

Hand weapons
 a - a +0 whip of venom (weapon)
 j - a +0 spear
 r - a +0 halberd
 y - a +2 short sword of holy wrath
Armour
 b - a +0 hat (worn)
 B - a +0 pair of gloves (worn)
 F - a +0 robe (worn)
Magical devices
 D - a wand of digging (4) {unknown}
Comestibles
 d - 2 bread rations
 l - 11 fruits
 H - 2 chunks of orc flesh
Scrolls
 h - 5 scrolls of identify {unknown}
 k - 3 scrolls of amnesia {unknown}
 m - 6 scrolls of enchant weapon {unknown}
 o - a scroll of recharging {unknown}
 q - 2 scrolls of remove curse {unknown}
 s - a scroll of noise {unknown}
 x - a scroll of enchant armour {unknown}
 A - 3 scrolls of fog {unknown}
 E - a scroll of teleportation {unknown}
 G - a scroll of magic mapping {unknown}
Jewellery
 f - a +3 ring of dexterity (left hand)
 i - a ring of protection from fire (right hand)
 z - a +4 ring of dexterity
Potions
 e - 2 potions of curing
 g - a potion of cancellation
 p - a potion of lignification {unknown}
 t - 2 potions of magic {unknown}
 u - 3 potions of agility {unknown}
 v - a potion of might {unknown}
 w - a potion of haste {unknown}
 C - a potion of confusion {unknown}
Books
 c - a book of Minor Magic

   Spells                             Type                      Level
   *Magic Dart                        Conjuration                  1
   *Blink                             Translocation                2
   Call Imp                           Summoning                    2
   *Repel Missiles                    Charms/Air                   2
   Slow                               Hexes                        2
   *Conjure Flame                     Conjuration/Fire             3
   *Mephitic Cloud                    Conjuration/Poison/Air       3
 n - a book of Cantrips

   Spells                             Type                      Level
   Corona                             Hexes                        1
   Animate Skeleton                   Necromancy                   1
   Summon Small Mammal                Summoning                    1
   *Apportation                       Translocation                1


   Skills:
 - Level 1.5 Dodging
 - Level 2.1 Stealth
 - Level 6.2 Spellcasting
 + Level 7.3 Conjurations
   Level 0.8 Summonings
 - Level 0.8 Translocations


You had 7 spell levels left.
You knew the following spells:

 Your Spells              Type           Power        Failure   Level  Hunger
a - Magic Dart            Conj           ####         1%          1    None
b - Conjure Flame         Conj/Fire      ###.....     10%         3    ##.....
c - Mephitic Cloud        Conj/Pois/Air  ###.....     12%         3    ##.....
l - Blink                 Tloc           N/A          12%         2    None
r - Repel Missiles        Chrm/Air       #.....       14%         2    None
A - Apportation           Tloc           ##........   10%         1    None


Dungeon Overview and Level Annotations

Branches:
Dungeon (5/15)
 Temple: D:4-7

Altars:
Elyvilon
Ru
Vehumet
Yredelemnul

Shops:
D:4 ?   D:5 %


Innate Abilities, Weirdness & Mutations

You are resistant to torment.
You are immune to poison.
Your stone body is very resilient (AC +5).
You resist negative energy.
You are resistant to electric shocks.
You can survive without breathing.
You are immune to petrification.
You are immune to rotting.


Message History

Press: ? - help, Shift-Dir - straight line, f/p - giant mite zombie
Aim: a giant mite zombie The magic dart hits the giant mite zombie.
Casting: Magic Dart
Confirm with . or Enter, or press ? or * to list all spells.
Aiming: Magic Dart
Press: ? - help, Shift-Dir - straight line, f/p - giant mite zombie
Aim: a giant mite zombie The magic dart hits the giant mite zombie.
Casting: Magic Dart
Confirm with . or Enter, or press ? or * to list all spells.
Aiming: Magic Dart
Press: ? - help, Shift-Dir - straight line, f/p - giant mite zombie
Aim: a giant mite zombie The magic dart hits the giant mite zombie.
You destroy the giant mite zombie!
Vehumet accepts your kill.
You can now gain magical power from killing.
Vehumet offers you knowledge of Sandblast.
Are you sure you want to abandon this character and quit the game? (Confirm with "yes".)

#...#.........#...##
##...#.....#+###+###
+....#.....# #....#.....#
#....#.....# #....'.....+
#....#.....#
###..#.....#+####+###
##@##..............
..........#..............
.........#..............
.........#..............
.........+..............
........#..............
.......#..............
.####+#..............
...#+#####'###..


There were no monsters in sight!

Vanquished Creatures
  An ogre (D:4)
  An ice beast (D:4)
  A centaur (D:5)
  2 crimson imps (D:5)
  4 orc wizards
  5 worker ants (D:4)
  A giant frog skeleton (D:4)
  2 orc priests
  2 iguanas (D:5)
  7 adders
  4 gnolls (D:3)
  A green rat (D:3)
  2 shadow imps
  A worm (D:2)
  5 giant geckos
  An ooze (D:1)
  8 orcs
  6 ball pythons
  4 giant cockroaches
  A giant mite zombie (D:5)
  7 goblins
  8 hobgoblins
  8 jackals
  A quokka (D:2)
  7 bats
  36 giant newts
  2 goblin skeletons (D:4)
  A hobgoblin skeleton (D:4)
  10 kobolds
  9 rats
148 creatures vanquished.

Vanquished Creatures (others)
  A giant gecko (D:1)
  A goblin (D:2)
  A rat (D:1)
3 creatures vanquished.

Grand Total: 151 creatures vanquished

Notes
Turn   | Place    | Note
--------------------------------------------------------------
     0 | D:1      | Kellhus, the Gargoyle Wizard, began the quest for the Orb.
     0 | D:1      | Reached XP level 1. HP: 10/10 MP: 4/4
   392 | D:1      | Reached XP level 2. HP: 10/15 MP: 1/6
   994 | D:1      | Reached XP level 3. HP: 19/19 MP: 3/7
  1601 | D:2      | Found a white marble altar of Elyvilon.
  2040 | D:2      | Reached skill level 4 in Conjurations
  2040 | D:2      | Reached XP level 4. HP: 24/24 MP: 0/9
  2674 | D:2      | Reached skill level 5 in Conjurations
  2981 | D:3      | Learned a level 3 spell: Conjure Flame
  2985 | D:3      | Learned a level 3 spell: Mephitic Cloud
  2989 | D:3      | Reached XP level 5. HP: 28/28 MP: 7/11
  3237 | D:3      | Reached skill level 6 in Conjurations
  3242 | D:3      | Reached XP level 6. HP: 6/32 MP: 1/12
  3245 | D:3      | HP: 1/32 [green rat (6)]
  3285 | D:3      | Found a glowing drain.
  3293 | Sewer    | Entered a sewer
  4293 | D:4      | Reached skill level 7 in Conjurations
  4312 | D:4      | Found Ofave's Magic Scroll Emporium.
  4470 | D:4      | Reached XP level 7. HP: 36/36 MP: 7/17
  4579 | D:4      | Found a radiant altar of Vehumet.
  4590 | D:4      | Became a worshipper of Vehumet
  5064 | D:4      | Reached skill level 5 in Spellcasting
  5367 | D:4      | Found a sacrificial altar of Ru.
  5368 | D:4      | Found a basalt altar of Yredelemnul.
  5492 | D:5      | Entered Level 5 of the Dungeon
  5496 | D:5      | Learned a level 2 spell: Blink
  5499 | D:5      | Learned a level 2 spell: Repel Missiles
  5501 | D:5      | Learned a level 1 spell: Apportation
  5647 | D:5      | Reached XP level 8. HP: 34/41 MP: 13/21
  5705 | D:5      | Found Craamp's Food Boutique.
  5897 | D:5      | Acquired Vehumet's first power
  5897 | D:5      | Offered knowledge of Sandblast by Vehumet.
  5898 | D:5      | Quit the game

Action                   |  1- 3 |  4- 6 |  7- 9 || total
-------------------------+-------+-------+-------++-------
Melee: Unarmed           |    12 |       |       ||    12
       Spear             |    37 |     6 |       ||    43
       Halberd           |       |    10 |       ||    10
       Whip              |       |       |    27 ||    27
 Cast: Magic Dart        |   100 |   137 |   103 ||   340
       Mephitic Cloud    |       |     3 |     3 ||     6
       Conjure Flame     |       |     2 |     1 ||     3
       Repel Missiles    |       |       |     1 ||     1
  Use: Potion            |       |     2 |       ||     2
  Eat: Chunk             |     3 |     7 |     5 ||    15
       Fruit             |       |     1 |       ||     1
